 Dungeon Crawl Stone Soup version bcrawl-1.19.1 (webtiles) character file.

Game seed: 2226113842031274358

78 Freyura the Skirmisher (level 4, -4/41 HPs)
             Began as a Hill Orc Fighter on Nov 29, 2019.
             Killed from afar by an orc wizard (7 damage)
             ... with a puff of flame
             ... on level 2 of the Dungeon.
             The game lasted 00:03:08 (997 turns).

Freyura the Skirmisher (Hill Orc Fighter)            Turns: 997, Time: 00:03:09

Health: -4/41      AC:  8    Str: 18    XL:     4   Next: 36%
Magic:  4/4        EV:  5    Int:  8    God:
Gold:   149        SH:  0    Dex: 11    Spells: 3/3 levels left

rFire    . . .     SeeInvis .   a - +0 trident
rCold    . . .     Gourm    .   j - +0 large shield
rNeg     . . .     Faith    .   b - +0 scale mail
rPois    .         Spirit   .   e - +1 hat
rElec    .         Reflect  .   (no cloak)
rCorr    .         Harm     .   (no gloves)
MR       .....                  (no boots)
Stlth    ..........             (no amulet)
HPRegen  0.13/turn              (no ring)
MPRegen  0.09/turn              (no ring)

@: confused
A: no striking features
a: no special abilities


You were on level 2 of the Dungeon.
You were hungry.

You visited 1 branch of the dungeon, and saw 2 of its levels.

You collected 149 gold pieces.

Inventory:

Hand Weapons
 a - a +0 trident (weapon)
Armour
 b - a +0 scale mail (worn)
 c - a +0 shield
 e - a +1 hat (worn)
 j - a +0 large shield (worn)
Scrolls
 h - a scroll of identify {unknown}
 i - a scroll of remove curse {unknown}
Potions
 d - 2 potions of might
 g - a potion of curing {unknown}
 k - a potion of flight {unknown}
 l - 2 potions of brilliance {unknown}
Comestibles
 f - 3 rations {!d}


   Skills:
 * Level 4.6 Fighting
   Level 4.6 Short Blades
   Level 4.6 Long Blades
   Level 4.6 Axes
   Level 4.6 Maces & Flails
   Level 4.6 Polearms
   Level 4.6 Staves
 + Level 3.8 Armour
 + Level 1.1 Dodging
 + Level 3.8 Shields
   Level 4.6 Unarmed Combat


You had 3 spell levels left.
You didn't know any spells.
Your spell library was empty.

Dungeon Overview and Level Annotations

Branches:
Dungeon (2/12)

Altars:


Message History

The orc hits you but does no damage.
You're too confused to move!
The orc hits you but does no damage.
The orc wizard hits you with a +0 dagger.
* * * LOW HITPOINT WARNING * * *
You bump into the rock wall.
The orc barely misses you.
The orc wizard hits you but does no damage.
You closely miss the orc.
The orc is moderately wounded.
The orc wizard hits you but does no damage.
The orc hits you.
* * * LOW HITPOINT WARNING * * *
You're too confused to move!
The orc wizard hits you but does no damage.
The orc hits you but does no damage.
The orc wizard hits you but does no damage.
The orc hits you.
* * * LOW HITPOINT WARNING * * *
The orc wizard points at you and mumbles some strange words.
The puff of flame hits you!
You die...

......######.#
#.#.# #..##.#
#.# #.#.#
#..##.# #.#
#.#.# #.....#
#.# #.#.#
#..#########.#
###.#.#
#....†....##.#
#.....#
...††####. #
###.#.# #.##)#
#.#######.#.#
#.##.# #
.##....@......#
#.##....
......o.###.#.#
......#
.######o#
#.#... #.###..#
#)# #......
.... .... ..>
....)###
#.####..
##.###...## ...
... #!# #.###
### #.# ## ...


You could see an orc wizard and an orc.

Vanquished Creatures
  An orc wizard (D:2)
  An ooze (D:2)
  2 dart slugs (D:1)
  A leopard gecko (D:1)
  3 orcs (D:2)
  2 giant cockroaches
  6 goblins
  3 hobgoblins
  A quokka (D:2)
  2 bats
  5 frilled lizards
  7 kobolds
  4 rats
38 creatures vanquished.

Notes
Turn   | Place    | Note
-------+----------+-------------------------------------------
     0 | D:1      | Freyura the Hill Orc Fighter began the quest for the Orb.
     0 | D:1      | Reached XP level 1. HP: 20/20 MP: 1/1
     6 | D:1      | Noticed a five-headed hydra
     6 | D:1      | Noticed an anaconda
     6 | D:1      | Noticed a black bear
     7 | D:1      | Noticed a lindwurm
     7 | D:1      | Noticed a wolf
   115 | D:1      | Reached XP level 2. HP: 27/27 MP: 2/2
   613 | D:1      | Reached XP level 3. HP: 34/34 MP: 3/3
   949 | D:2      | Reached skill level 1 in Dodging
   949 | D:2      | Reached XP level 4. HP: 33/41 MP: 4/4
   997 | D:2      | Killed from afar by an orc wizard

Skill      XL: |  1  2  3 |
---------------+----------+-----
Dodging        | 1 |  1.1
Fighting       | |  4.6
Short Blades   | |  4.6
Long Blades    | |  4.6
Axes           | |  4.6
Maces & Flails | |  4.6
Polearms       | |  4.6
Staves         | |  4.6
Armour         | |  3.8
Shields        | |  3.8
Unarmed Combat | |  4.6

Action                   |  1- 3 |  4- 6 || total
-------------------------+-------+-------++-------
Melee: Trident           |   142 |    26 ||   168
Armor: Scale mail        |    43 |    40 ||    83
Dodge: Dodged            |    20 |     8 ||    28
Block: Shield            |    20 |       ||    20
       Large shield      |    43 |     3 ||    46
